 Dungeon Crawl Stone Soup version 0.23.1 (webtiles) character file.

Game seed: 6214178694155317571

341 Kairos the Sneak (level 6, 0/32 HPs)
             Began as a Vine Stalker Assassin on Mar 17, 2019.
             Succumbed to an orc wizard's poison
             ... on level 4 of the Dungeon.
             The game lasted 00:03:53 (2878 turns).

Kairos the Sneak (Vine Stalker Assassin)            Turns: 2878, Time: 00:03:53

Health: 0/32       AC: 10    Str: 14    XL:     6   Next: 56%
Magic:  3/7        EV: 11    Int: 11    God:
Gold:   151        SH:  0    Dex: 17    Spells: 5/5 levels left

rFire    . . .     SeeInvis +   m - +3 dagger
rCold    . . .     Gourm    .   (no shield)
rNeg     . . .     Faith    .   t - +0 ring mail
rPois    .         Spirit   +   v - +0 helmet
rElec    .         Reflect  .   d - +0 cloak
rCorr    .         Harm     .   w - +2 pair of gloves
MR       .....                  (no boots)
Stlth    +++.......             (no amulet)
HPRegen  0.50/turn              l - ring of see invisible
MPRegen  0.10/turn              (no ring)

@: lethally poisoned (0 -> -23)
A: fangs 2, regeneration 1, magic shield, antimagic bite, no potion heal 3, rot
immunity
a: no special abilities


You were on level 4 of the Dungeon.
You were not hungry.

You visited 1 branch of the dungeon, and saw 4 of its levels.

You collected 151 gold pieces.

Inventory:

Hand Weapons
 a - a +2 dagger
 b - a +0 blowgun
 m - a +3 dagger (weapon)
Missiles
 e - 22 poisoned needles
 f - 2 curare-tipped needles
Armour
 c - a +0 robe
 d - a +0 cloak (worn)
 p - a +0 leather armour
 t - a +0 ring mail (worn)
 v - a +0 helmet (worn)
 w - a +2 pair of gloves (worn)
Jewellery
 l - a ring of see invisible (left hand)
Scrolls
 j - 3 scrolls of blinking
 k - a scroll of fear {unknown}
 n - 5 scrolls of remove curse
 o - a scroll of identify
 q - a scroll of enchant armour {unknown}
 s - a scroll of fog {unknown}
Potions
 h - a potion of brilliance
 i - a potion of heal wounds {unknown}
 r - 2 potions of degeneration {unknown}
 u - 2 potions of might {unknown}
 x - 2 potions of berserk rage {unknown}
Comestibles
 g - 6 rations


   Skills:
 + Level 2.6 Fighting
 + Level 3.0 Short Blades
 + Level 1.9 Throwing
 + Level 1.7 Armour
 + Level 1.8 Dodging
 + Level 7.2 Stealth


You had 5 spell levels left.
You didn't know any spells.
Your spell library contained the following spells:

 Spells                   Type           Power        Failure   Level  Hunger
 Animate Skeleton         Necr           N/A          56%         1    ##.....
 Apportation              Tloc           #.....       56%         1    ##.....
 Confusing Touch          Hex            #.....       56%         1    ##.....
 Summon Small Mammal      Summ           #...         56%         1    ##.....


Dungeon Overview and Level Annotations

Branches:
Dungeon (4/15)
 Temple: D:4-7

Altars:


Innate Abilities, Weirdness & Mutations

You have extremely sharp teeth.
Your natural rate of healing is unusually fast.
When hurt, damage is shared between your health and your magic reserves.
Your bite disrupts and absorbs the magic of your enemies.
Potions cannot restore your health.
You are immune to rotting.


Message History

You are too injured to fight recklessly!
You hit the orc wizard but do no damage.
You bite the orc wizard.
The orc wizard's magic leaks into the air.
You drain its magic.
You feel invigorated.
The orc wizard is severely wounded.
You feel sick. The iguana bites you.
The orc wizard hits you but does no damage.
You are more poisoned.
You hit the orc wizard. Your bite misses the orc wizard.
The orc wizard is severely wounded.
You feel very sick.
The iguana bites you but does no damage.
You closely miss the orc wizard.
The orc wizard is severely wounded.
* * * LOW HITPOINT WARNING * * *
You feel very sick. The orc wizard barely misses you. The iguana bites you!
* * * LOW HITPOINT WARNING * * *
You die...

#.......#
#.##........
#.##..#.####
#.##..#.#
#.##..#.#
#####.##..#
#.)...##..#
## #.#####
... #..##@.#
#l)### #.o#
..##. ##. .#
# .. #.# ..
.##


You could see an iguana and an orc wizard.

Vanquished Creatures
  A phantom (D:4)
  A scorpion (D:4)
  An orc priest (D:4)
  An orc wizard (D:4)
  7 adders
  2 oozes
  2 worms (D:4)
  2 dart slugs (D:1)
  4 leopard geckos
  9 orcs
  4 giant cockroaches (D:1)
  4 goblins
  4 hobgoblins
  2 jackals (D:2)
  6 bats
  5 frilled lizards
  3 kobolds
  4 rats
62 creatures vanquished.

Notes
Turn   | Place    | Note
-------+----------+-------------------------------------------
     0 | D:1      | Kairos the Vine Stalker Assassin began the quest for the
                  | Orb.
     0 | D:1      | Reached XP level 1. HP: 11/11 MP: 2/2
    45 | D:1      | Reached skill level 5 in Stealth
   628 | D:1      | Reached XP level 2. HP: 15/15 MP: 3/3
   743 | D:1      | Reached XP level 3. HP: 16/18 MP: 4/4
  1115 | D:2      | Reached skill level 6 in Stealth
  1146 | D:2      | Reached skill level 1 in Dodging
  1191 | D:2      | Gained mutation: Your natural rate of healing is unusually
                  | fast. [Vine Stalker growth]
  1191 | D:2      | Reached XP level 4. HP: 11/23 MP: 2/5
  1900 | D:3      | Reached XP level 5. HP: 19/26 MP: 3/6
  2458 | D:4      | Reached skill level 7 in Stealth
  2470 | D:4      | Noticed a phantom
  2501 | D:4      | Reached skill level 1 in Armour
  2586 | D:4      | Killed a phantom
  2586 | D:4      | Reached XP level 6. HP: 11/32 MP: 4/7
  2877 | D:4      | HP: 1/32 [iguana (6)]
  2878 | D:4      | Succumbed to an orc wizard's poison

Skill      XL: |  1  2  3  4  5  6 |
---------------+-------------------+-----
Stealth        | 5 6 7 |  7.2
Fighting       | 2 |  2.6
Short Blades   | 2 3 |  3.0
Dodging        | 1 |  1.8
Armour         | 1 |  1.7
Throwing       | |  1.9

Action                   |  1- 3 |  4- 6 || total
-------------------------+-------+-------++-------
Melee: Dagger            |    84 |   156 ||   240
       Bite              |    19 |    33 ||    52
  Use: Scroll            |     3 |       ||     3
 Stab: Sleeping          |     9 |    10 ||    19
       Distracted        |       |     1 ||     1
  Eat: Chunk             |       |     6 ||     6
Armor: Robe              |    20 |     1 ||    21
       Leather armour    |       |     4 ||     4
       Ring mail         |       |    33 ||    33
Dodge: Dodged            |    25 |    66 ||    91
